 Dungeon Crawl Stone Soup version 0.17.0 (webtiles) character file.

60 Ultraviolent4 the Ducker (level 3, -1/21 HPs)
             Began as a High Elf Earth Elementalist on Nov 19, 2015.
             Slain by Ultraviolent4's ghost (2 damage)
             ... on level 3 of the Dungeon.
             The game lasted 00:06:00 (2298 turns).

Ultraviolent4 the Ducker (HEEE)                     Turns: 2298, Time: 00:06:00

Health: -1/21      AC:  2    Str:  7    XL:     3   Next: 82%
Magic:  3/8        EV: 14    Int: 19    God:
Gold:   81         SH:  0    Dex: 16    Spells: 2 memorised, 4 levels left

rFire  . . .     SeeInvis .     a - 9 stones
rCold  . . .     Clarity  .     v - +0 robe
rNeg   . . .     SustAt   .     (no shield)
rPois  .         Gourm    .     (no helmet)
rElec  .         Spirit   .     (no cloak)
rCorr  .         Warding  .     (no gloves)
rMut   .         Stasis   .     (no boots)
MR     .....                    e - amulet of regeneration
Stlth  ++........               (no ring)
                                (no ring)

@: not resistant to hostile enchantments, unstealthy
A: no striking features
a: no special abilities


You were on level 3 of the Dungeon.
You were hungry.

You visited 1 branch of the dungeon, and saw 3 of its levels.

You collected 81 gold pieces.

Inventory:

Hand Weapons
 b - a +0 dagger
Missiles
 a - 9 stones (in hand)
Armour
 v - a +0 robe (worn)
Jewellery
 e - an amulet of regeneration (around neck)
 k - an uncursed amulet of the gourmand {unknown}
Scrolls
 l - a scroll of random uselessness {unknown}
 m - a scroll of remove curse
 o - a scroll of teleportation {unknown}
 p - 3 scrolls of identify {unknown}
 r - a scroll of amnesia {unknown}
Potions
 f - a potion of invisibility
 g - a potion of heal wounds {unknown}
 h - 2 potions of magic {unknown}
 n - 3 potions of brilliance {unknown}
Books
 c - a book of Geomancy

   Spells                             Type                      Level
   a - Sandblast                      Earth                        1
   b - Stoneskin                      Transmutation/Earth          2
   c - Passwall                       Transmutation/Earth          3
   d - Stone Arrow                    Conjuration/Earth            3
   e - Petrify                        Transmutation/Earth          4
   f - Lee's Rapid Deconstruction     Earth                        5
Comestibles
 d - 3 bread rations
 i - 3 fruits
 j - a slice of pizza


   Skills:
 + Level 3.4 Dodging
 - Level 2.1 Stealth
 + Level 3.3 Spellcasting
 * Level 1.4 Conjurations
   Level 1.1 Transmutations
 - Level 2.4 Earth Magic


You had 4 spell levels left.
You knew the following spells:

 Your Spells              Type           Power        Failure   Level  Hunger
a - Sandblast             Erth           ##....       8%          1    None
b - Stone Arrow           Conj/Erth      ##....       21%         3    ###....


Dungeon Overview and Level Annotations

Branches:
Dungeon (3/15)

Altars:

Annotations:
D:3 Ultraviolent4's ghost, amateur HEEE


Message History

The stone arrow misses you.
Casting: Sandblast
Confirm with . or Enter, or press ? or * to list all spells.
Aiming: Sandblast
Press: ? - help, Shift-Dir - straight line, f/p - Ultraviolent4's ghost
Aim: Ultraviolent4's ghost (severely damaged)
The rocky blast hits Ultraviolent4's ghost.
Ultraviolent4's ghost is almost destroyed.
Ultraviolent4's ghost points at you and mumbles some strange words.
The rocky blast hits you!
Ouch! That really hurt!
* * * LOW HITPOINT WARNING * * *
Casting: Sandblast
Confirm with . or Enter, or press ? or * to list all spells.
Aiming: Sandblast
Press: ? - help, Shift-Dir - straight line, f/p - Ultraviolent4's ghost
Aim: Ultraviolent4's ghost (almost destroyed)
The rocky blast misses Ultraviolent4's ghost.
Ultraviolent4's ghost hits you.
You die...

#...............#
#...........##..######
#...........##.>.....#
#....###.#W###.......#
#..>...#.#.###.......#
#....#.#.#...........#
#....#....<###.......#
########.#....#.######
...#..W@.......
##########.##### .# ##


You could see Ultraviolent4's ghost.

Vanquished Creatures
  An adder (D:2)
  3 worms
  6 bats
  4 giant cockroaches
  4 hobgoblins
  4 ball pythons
  6 giant newts
  5 goblins (D:1)
  5 kobolds
  A quokka (D:2)
  5 rats
44 creatures vanquished.

Notes
Turn   | Place    | Note
--------------------------------------------------------------
     0 | D:1      | Ultraviolent4 the High Elf Earth Elementalist began the quest for the Orb.
     0 | D:1      | Reached XP level 1. HP: 11/11 MP: 4/4
   210 | D:1      | Reached XP level 2. HP: 15/17 MP: 2/6
   507 | D:1      | Reached skill level 3 in Dodging
   864 | D:2      | Reached XP level 3. HP: 16/21 MP: 2/8
   886 | D:2      | Learned a level 3 spell: Stone Arrow
  1395 | D:2      | Reached skill level 1 in Conjurations
  2120 | D:3      | Noticed Ultraviolent4's ghost (amateur HEEE)
  2297 | D:3      | HP: 1/21 [Ultraviolent4's ghost/rocky blast (11)]
  2298 | D:3      | Slain by Ultraviolent4's ghost

Action                   || total
-------------------------++-------
Melee: Dagger            ||    60
 Cast: Sandblast         ||    99
  Use: Scroll            ||     2
 Stab: Sleeping          ||     6
  Eat: Chunk             ||     4
